Map: Cat 'n Mouse Winter Revival

Players

TCORoy

  • Race: Zerg Zerg
  • League: Diamond

HousJuice

  • Race: Zerg Zerg
  • League: Gold

Craigumms

  • Race: Protoss Protoss

JimBobby

  • Race: Zerg Zerg

VOD

Have the link to the VOD?

Description

Ridiculously close Cat & Mouse -- MVP's: Houston & Craig!

Time

  • Played on: May 25, 2022, 12:44 a.m.
  • Length: 29:29
Show
View Real Time Build Order
Export as new Build Order

TCORoy Zerg 

Build Orders:  

Get SALT Encoding   

    0:08  Unknown x3  
    0:09  Unknown x3  
    1:19  Unknown  
    1:29  Unknown  
    1:32  Unknown  
  1  1:52  Unknown  
  1  2:01  Unknown  
  2  2:15  Unknown  
  2  2:16  Unknown  
  3  2:27  Unknown  
  3  2:28  Unknown  
  4  2:43  Unknown  
  4  2:44  Unknown x3  
  8  2:50  Unknown  
  8  2:58  Unknown  
  8  3:00  Unknown  
  8  3:11  Unknown  
  8  4:18  Unknown  
  8  4:37  Unknown  
  8  4:44  Unknown  
  10  4:50  Unknown  
  11  4:56  Unknown  
  12  5:01  Unknown x2  
  13  5:07  Unknown  
  13  5:13  Unknown  
  15  5:18  Unknown  
  13  5:31  Unknown  
  14  5:37  Unknown  
  12  5:42  Unknown  
  12  5:48  Unknown  
  9  6:36  Unknown  
  9  6:42  Unknown  
  6  7:18  Unknown  
  4  7:35  Unknown  
  4  7:45  Unknown  
  5  7:52  Unknown  
  5  7:55  Unknown  
  6  8:01  Unknown  
  8  8:05  Unknown  
  8  8:07  Unknown x2  
  8  8:11  Unknown  
  8  8:12  Unknown  
  10  8:20  Unknown  
  10  8:48  Unknown  
  10  8:52  Unknown  
  10  8:53  Unknown  
  10  8:54  Unknown  
  10  8:55  Unknown  
  10  8:58  Unknown x2  
  10  8:59  Unknown  
  10  9:00  Unknown  
  14  9:15  Unknown  
  14  9:16  Unknown  
  16  9:22  Unknown  
  18  9:49  Unknown  
  18  9:51  Unknown  
  18  9:52  Unknown  
  21  9:57  Unknown  
  18  10:01  Unknown  
  18  10:02  Unknown  
  17  10:25  Unknown x2  
  20  10:31  Unknown  
  20  10:32  Unknown  
  14  10:54  Unknown x2  
  16  10:59  Unknown x2  
  15  11:05  Unknown  
  14  11:14  Unknown x2  
  14  11:19  Unknown x2  
  14  11:25  Unknown x3  
  20  11:39  Unknown x2  
  21  11:45  Unknown  
  21  11:46  Unknown x4  
  21  11:47  Unknown  
  21  11:48  Unknown  
  21  11:49  Unknown  
  21  11:51  Unknown  
  21  11:53  Unknown  
  21  11:55  Unknown  
  21  12:21  Unknown  
  21  12:22  Unknown  
  22  12:27  Unknown x3  
  22  12:43  Unknown x2  
  25  12:44  Unknown x2  
  25  12:45  Unknown x2  
  25  12:46  Unknown  
  25  12:47  Unknown  
  25  12:48  Unknown  
  25  12:49  Unknown  
  25  12:52  Unknown x3  
  28  13:04  Unknown  
  27  13:44  Unknown  
  27  13:45  Unknown  
  28  13:51  Unknown x2  
  30  13:57  Unknown x2  
  29  14:11  Unknown  
  29  14:15  Unknown  
  30  14:17  Unknown  
  30  14:23  Unknown x2  
  25  14:30  Unknown x3  
  25  14:31  Unknown x3  
  24  14:37  Unknown x3  
  24  14:38  Unknown x3  
  27  14:44  Unknown x3  
  27  14:45  Unknown x3  
  20  15:12  Unknown x2  
  24  15:19  Unknown x6  
  26  15:26  Unknown x3  
  17  15:36  Unknown x2  
  17  15:41  Unknown  
  17  15:42  Unknown  
  17  15:46  Unknown  
  17  15:47  Unknown x3  
  19  15:53  Unknown x2  
  19  15:54  Unknown  
  21  15:58  Unknown  
  21  15:59  Unknown  
  23  16:10  Unknown  
  21  16:27  Unknown x2  
  21  16:28  Unknown  
  20  16:33  Unknown x2  
  20  16:38  Unknown  
  20  16:39  Unknown  
  15  16:48  Unknown x2  
    17:24  Unknown  
    17:37  Unknown  
    17:46  Unknown  
    17:47  Unknown  
    17:48  Unknown  
    17:49  Unknown  
    17:51  Unknown  
  1  17:52  Unknown  
  1  17:54  Unknown  
  1  17:55  Unknown  
  1  17:58  Unknown  
  1  18:00  Unknown  
  2  18:08  Unknown x2  
  4  18:20  Unknown  
  4  18:23  Unknown  
  4  18:24  Unknown  
  4  18:25  Unknown  
  4  18:26  Unknown  
  4  18:29  Unknown  
  4  18:30  Unknown x2  
  7  18:36  Unknown  
  7  18:37  Unknown  
  7  18:38  Unknown  
  7  18:39  Unknown  
  7  18:41  Unknown  
  4  19:02  Unknown x2  
  4  19:03  Unknown  
  4  19:15  Unknown  
  4  19:16  Unknown  
  4  19:19  Unknown  
  5  19:29  Unknown  
  5  19:30  Unknown  
  7  19:31  Unknown  
  7  19:35  Unknown  
  7  19:40  Unknown  
  7  19:47  Unknown  
  7  19:48  Unknown  
  7  19:49  Unknown  
  7  19:50  Unknown  
  7  19:51  Unknown  
  7  19:52  Unknown  
  8  19:55  Unknown  
  8  19:56  Unknown  
  11  20:14  Unknown  
  11  20:15  Unknown x2  
  9  20:24  Unknown x2  
  5  20:31  Unknown  
  5  20:40  Unknown  
  5  20:42  Unknown x2  
  6  20:43  Unknown  
  6  20:44  Unknown  
  6  20:45  Unknown  
  6  20:46  Unknown x2  
  6  20:47  Unknown  
  6  20:48  Unknown  
  7  20:50  Unknown  
  5  21:15  Unknown  
  5  21:19  Unknown  
  5  21:27  Unknown x2  
  5  21:32  Unknown x2  
  5  21:33  Unknown x2  
  5  21:34  Unknown  
  5  21:35  Unknown x2  
  5  21:41  Unknown  
  6  21:53  Unknown  
  6  21:54  Unknown x2  
  11  21:59  Unknown x2  
  11  22:00  Unknown  
  15  22:13  Unknown x2  
  15  22:14  Unknown x2  
  16  22:17  Unknown  
  16  22:19  Unknown  
  18  22:23  Unknown x2  
  21  22:37  Unknown x6  
  24  23:16  Unknown x9  
  23  23:23  Unknown x3  
  16  23:30  Unknown  
  16  23:31  Unknown  
  9  23:40  Unknown x3  
  7  23:42  Unknown  
  8  23:58  Unknown x6  
  5  24:13  Unknown x3  
  4  24:17  Unknown  
  3  24:24  Unknown  
  3  24:27  Unknown x3  
  6  24:38  Unknown  
  4  24:41  Unknown  
  4  24:42  Unknown  
  4  24:43  Unknown  
  4  24:44  Unknown  
  4  24:45  Unknown x2  
  4  24:46  Unknown  
    25:10  Unknown  
    25:17  Unknown  
    25:18  Unknown x2  
    25:19  Unknown  
  1  25:22  Unknown  
  1  25:23  Unknown  
  2  25:37  Unknown  
  2  25:38  Unknown x2  
  2  25:39  Unknown  
  2  25:40  Unknown  
  3  25:49  Unknown  
  3  25:56  Unknown  
  3  26:02  Unknown  
  3  26:03  Unknown x2  
  6  26:08  Unknown  
  6  26:09  Unknown x2  
  6  26:10  Unknown x2  
  6  26:11  Unknown  
  6  26:12  Unknown  
  6  26:15  Unknown  
  3  27:01  Unknown  
  3  27:11  Unknown  
  3  27:15  Unknown x2  
  3  27:16  Unknown  
  3  27:17  Unknown x2  
  3  27:18  Unknown  
  3  27:19  Unknown  
  3  27:21  Unknown x2  
  3  27:22  Unknown  
  6  27:36  Unknown x2  
  6  27:37  Unknown  
  6  27:42  Unknown x2  
  7  27:54  Unknown x9  
  12  28:01  Unknown x9  
  14  28:08  Unknown x6  
  14  28:11  Unknown x3  
  15  28:15  Unknown x3  
  15  28:19  Unknown x3  
  3  28:37  Unknown  
  3  28:43  Unknown  
  3  28:47  Unknown  
  3  28:48  Unknown  
  3  28:50  Unknown  
  7  29:04  Unknown x9  
  9  29:10  Unknown x3  
  5  29:20  Unknown  
Show
View Real Time Build Order
Export as new Build Order

HousJuice Zerg 

Build Orders:  

Get SALT Encoding   

    0:08  Unknown x6  
    0:19  Unknown x3  
    0:39  Unknown x3  
    0:40  Unknown x2  
    0:41  Unknown x2  
    0:43  Unknown x2  
    0:49  Unknown  
    0:51  Unknown  
    1:33  Unknown  
    2:15  Unknown x2  
    2:16  Unknown  
    2:54  Unknown x2  
    2:57  Unknown  
    2:59  Unknown  
    3:34  Unknown x2  
    3:42  Unknown  
    3:59  Unknown  
    4:06  Unknown  
    4:13  Unknown x2  
    4:25  Unknown x2  
  3  4:47  Unknown x2  
  3  4:52  Unknown x2  
  3  5:08  Unknown  
  3  5:31  Unknown x2  
  3  5:36  Unknown x3  
  3  5:37  Unknown x2  
  6  5:51  Unknown  
  6  5:58  Unknown x2  
  6  6:11  Unknown x2  
  6  6:17  Unknown x2  
  6  6:18  Unknown  
  6  6:19  Unknown x2  
  6  6:22  Unknown  
  6  6:33  Unknown  
  6  6:36  Unknown  
  6  6:41  Unknown x2  
  6  6:50  Unknown x2  
  6  7:03  Unknown x2  
  6  7:16  Unknown  
  6  7:24  Unknown x2  
  6  7:28  Unknown  
  6  7:29  Unknown x2  
  9  7:42  Unknown x2  
  9  7:59  Unknown  
  9  8:00  Unknown  
  9  8:03  Unknown x2  
  12  8:09  Unknown x2  
  12  8:15  Unknown  
  12  8:25  Unknown x2  
  12  8:28  Unknown x2  
  12  8:42  Unknown  
  12  8:45  Unknown  
  12  8:46  Unknown x2  
  12  8:48  Unknown x2  
  12  8:50  Unknown x2  
  12  9:03  Unknown  
  12  9:05  Unknown x2  
  12  9:06  Unknown  
  12  9:07  Unknown x2  
  15  9:12  Unknown x2  
  15  9:15  Unknown x2  
  15  9:25  Unknown  
  15  9:27  Unknown x4  
  15  9:29  Unknown x2  
  15  9:36  Unknown x2  
  15  9:44  Unknown x2  
  15  9:46  Unknown  
  15  9:47  Unknown  
  15  9:50  Unknown x2  
  15  9:56  Unknown  
  15  9:57  Unknown x2  
  15  10:05  Unknown x3  
  15  10:06  Unknown x4  
  18  10:08  Unknown  
  18  10:41  Unknown  
  18  10:46  Unknown x2  
  18  10:51  Unknown  
  18  11:04  Unknown x2  
  18  11:05  Unknown  
  21  11:19  Unknown x6  
  21  11:20  Unknown x2  
  21  11:25  Unknown x2  
  21  11:31  Unknown x4  
  21  11:33  Unknown  
  21  11:35  Unknown x2  
  21  11:36  Unknown  
  21  11:52  Unknown x3  
  21  11:57  Unknown x2  
  21  12:04  Unknown x2  
  21  12:07  Unknown x2  
  18  12:16  Unknown x3  
  18  12:18  Unknown x2  
  18  12:20  Unknown x2  
  18  12:29  Unknown x2  
  12  12:30  Unknown  
  12  12:35  Unknown  
  12  12:44  Unknown x2  
  9  12:59  Unknown  
  9  13:16  Unknown x2  
  9  13:23  Unknown x2  
  6  13:37  Unknown  
  6  13:38  Unknown x3  
  6  13:39  Unknown x2  
  15  13:41  Unknown  
  15  13:42  Unknown x3  
  15  13:45  Unknown x3  
  15  13:46  Unknown  
  15  13:48  Unknown x2  
  15  13:49  Unknown  
  15  13:51  Unknown  
  15  13:53  Unknown x2  
  15  13:55  Unknown  
  15  13:56  Unknown  
  15  13:58  Unknown  
  15  14:02  Unknown x4  
  15  14:03  Unknown  
  15  14:05  Unknown x2  
  15  14:06  Unknown x2  
  15  14:07  Unknown x2  
  15  14:09  Unknown  
  15  14:12  Unknown  
  15  14:16  Unknown x3  
  18  14:17  Unknown  
  18  14:19  Unknown x2  
  18  14:20  Unknown  
  18  14:24  Unknown x3  
  18  14:25  Unknown x2  
  18  14:27  Unknown x3  
  18  14:28  Unknown x3  
  18  14:36  Unknown x2  
  18  14:41  Unknown x2  
  15  15:04  Unknown  
  15  15:08  Unknown  
  15  15:11  Unknown  
  18  15:16  Unknown x2  
  18  15:21  Unknown x3  
  15  15:51  Unknown  
  15  16:00  Unknown x3  
  18  16:10  Unknown  
  18  16:17  Unknown  
  18  16:20  Unknown x2  
  18  16:21  Unknown  
  18  16:23  Unknown  
  18  16:24  Unknown  
  18  16:26  Unknown  
  18  16:29  Unknown x2  
  18  16:30  Unknown x3  
  18  16:32  Unknown x2  
  18  16:33  Unknown x3  
  18  16:36  Unknown x2  
  18  16:37  Unknown x2  
  18  16:38  Unknown x2  
  18  16:39  Unknown x2  
  15  16:40  Unknown  
  15  16:41  Unknown x3  
  15  16:43  Unknown  
  15  16:44  Unknown  
  15  16:45  Unknown x2  
  15  16:47  Unknown  
  15  16:48  Unknown x3  
  15  16:49  Unknown x2  
  15  16:51  Unknown  
  15  16:58  Unknown x2  
  15  17:01  Unknown x2  
  15  17:16  Unknown  
  15  17:19  Unknown x2  
  15  17:46  Unknown x2  
  15  17:58  Unknown x2  
  15  18:11  Unknown x4  
  15  18:14  Unknown x4  
  15  18:19  Unknown x4  
  15  18:22  Unknown  
  15  18:23  Unknown x3  
  15  18:26  Unknown  
  15  18:27  Unknown x2  
  15  18:29  Unknown  
  15  18:30  Unknown x2  
  15  18:31  Unknown  
  15  18:32  Unknown  
  15  18:37  Unknown x4  
  15  18:40  Unknown  
  15  18:41  Unknown x2  
  15  18:42  Unknown x3  
  15  18:43  Unknown x2  
  15  18:44  Unknown  
  15  18:45  Unknown x3  
  15  18:47  Unknown  
  15  18:48  Unknown x2  
  15  18:49  Unknown x2  
  15  18:52  Unknown x2  
  15  19:16  Unknown x2  
  15  19:22  Unknown  
  15  19:49  Unknown  
  15  19:51  Unknown  
  15  19:53  Unknown x3  
  15  19:54  Unknown x2  
  15  19:56  Unknown x3  
  15  19:57  Unknown  
  15  19:59  Unknown  
  15  20:01  Unknown x2  
  15  20:02  Unknown x2  
  15  20:05  Unknown  
  15  20:35  Unknown x4  
  15  21:14  Unknown x2  
  15  21:28  Unknown  
  15  21:33  Unknown  
  15  21:43  Unknown  
  15  21:52  Unknown x3  
  15  21:53  Unknown  
  15  21:54  Unknown x2  
  15  21:55  Unknown x2  
  15  21:56  Unknown  
  15  21:59  Unknown  
  15  22:02  Unknown  
  15  22:15  Unknown  
  15  22:16  Unknown  
  15  22:18  Unknown  
  15  22:19  Unknown x2  
  15  22:21  Unknown  
  15  22:24  Unknown x2  
  21  22:33  Unknown x2  
  21  22:46  Unknown x2  
  21  23:01  Unknown x2  
  27  23:06  Unknown  
  27  23:07  Unknown  
  27  23:11  Unknown  
  27  23:12  Unknown x2  
  27  23:32  Unknown  
  27  23:51  Unknown x2  
  27  23:54  Unknown  
  27  23:58  Unknown x2  
  27  23:59  Unknown x2  
  27  24:01  Unknown x4  
  27  24:02  Unknown x4  
  27  24:04  Unknown x2  
  27  24:05  Unknown x2  
  27  24:06  Unknown x4  
  27  24:08  Unknown  
  27  24:09  Unknown x6  
  27  24:10  Unknown  
  27  24:11  Unknown  
  27  24:12  Unknown x3  
  27  24:30  Unknown  
  27  24:31  Unknown x2  
  27  24:33  Unknown  
  27  24:46  Unknown  
  27  24:48  Unknown  
  27  24:49  Unknown x3  
  27  24:50  Unknown  
  27  24:52  Unknown  
  27  24:53  Unknown x2  
  27  24:54  Unknown  
  27  24:59  Unknown x7  
  27  25:01  Unknown x2  
  27  25:02  Unknown x2  
  27  25:03  Unknown x5  
  27  25:10  Unknown x2  
  27  25:23  Unknown x2  
  27  25:24  Unknown x2  
  27  25:25  Unknown  
  27  25:26  Unknown x2  
  27  25:27  Unknown x2  
  27  25:28  Unknown  
  27  25:29  Unknown x3  
  27  25:30  Unknown x2  
  27  25:31  Unknown x2  
  27  25:32  Unknown x4  
  27  25:33  Unknown x2  
  27  25:34  Unknown  
  27  25:35  Unknown  
  27  25:36  Unknown  
  27  25:37  Unknown  
  27  25:38  Unknown x2  
  27  25:39  Unknown x3  
  27  25:41  Unknown x3  
  27  25:42  Unknown  
  27  25:43  Unknown  
  27  25:44  Unknown x2  
  27  25:45  Unknown x2  
  27  25:46  Unknown x3  
  27  25:48  Unknown  
  27  25:49  Unknown x2  
  27  25:50  Unknown  
  27  25:51  Unknown x3  
  27  25:52  Unknown x2  
  27  25:54  Unknown x2  
  27  25:55  Unknown  
  27  25:56  Unknown  
  27  25:57  Unknown x2  
  27  25:59  Unknown  
  27  26:00  Unknown  
  27  26:01  Unknown  
  27  26:02  Unknown x2  
  27  26:03  Unknown  
  27  26:04  Unknown  
  27  26:05  Unknown  
  27  26:06  Unknown x2  
  27  26:07  Unknown x2  
  27  26:08  Unknown x2  
  27  26:09  Unknown x2  
  27  26:10  Unknown x2  
  27  26:11  Unknown x2  
  27  26:12  Unknown x3  
  27  26:13  Unknown x2  
  27  26:14  Unknown  
  27  26:15  Unknown x3  
  27  26:17  Unknown x2  
  27  26:18  Unknown  
  27  26:19  Unknown x3  
  27  26:20  Unknown  
  27  26:21  Unknown  
  27  26:22  Unknown x2  
  27  26:24  Unknown  
  27  26:28  Unknown  
  27  26:29  Unknown x5  
  27  26:31  Unknown x4  
  27  26:32  Unknown x2  
  27  26:33  Unknown x2  
  27  26:34  Unknown x3  
  27  26:35  Unknown  
  27  26:36  Unknown x2  
  27  26:37  Unknown x2  
  27  26:38  Unknown  
  27  26:40  Unknown x2  
  27  26:41  Unknown x3  
  27  27:08  Unknown x2  
  27  27:10  Unknown x2  
  27  27:32  Unknown  
  27  27:34  Unknown x2  
  27  27:42  Unknown x3  
  27  27:43  Unknown  
  27  27:45  Unknown x2  
  27  27:46  Unknown  
  27  27:47  Unknown x4  
  27  27:48  Unknown  
  27  27:49  Unknown x2  
  27  27:50  Unknown x4  
  27  27:52  Unknown x3  
  27  27:53  Unknown  
  27  27:54  Unknown x3  
  27  27:56  Unknown x3  
  27  27:57  Unknown x3  
  27  27:58  Unknown x3  
  27  27:59  Unknown x2  
  27  28:00  Unknown  
  27  28:01  Unknown x3  
  27  28:03  Unknown x3  
  27  28:04  Unknown  
  27  28:05  Unknown  
  24  28:06  Unknown x3  
  24  28:07  Unknown x2  
  24  28:08  Unknown  
  24  28:09  Unknown x2  
  24  28:10  Unknown  
  24  28:11  Unknown  
  24  28:12  Unknown x2  
  18  28:14  Unknown  
  18  28:15  Unknown x2  
  18  28:16  Unknown  
  18  28:18  Unknown x3  
  18  28:19  Unknown  
  15  28:21  Unknown x2  
  15  28:22  Unknown  
  15  28:25  Unknown x3  
  15  28:26  Unknown x2  
  15  28:41  Unknown  
  15  28:44  Unknown x2  
  15  28:45  Unknown  
  15  28:46  Unknown  
  15  28:47  Unknown  
  15  28:48  Unknown  
  15  28:49  Unknown x2  
  15  28:52  Unknown x2  
  15  28:53  Unknown  
  15  28:54  Unknown  
  15  28:55  Unknown  
  15  28:56  Unknown  
  15  28:57  Unknown x2  
  15  28:59  Unknown  
  15  29:00  Unknown x3  
  15  29:03  Unknown x3  
  15  29:04  Unknown  
  15  29:06  Unknown x3  
  15  29:07  Unknown x3  
  15  29:10  Unknown x2  
  15  29:11  Unknown  
  15  29:15  Unknown  
  15  29:16  Unknown x8  
Show
View Real Time Build Order
Export as new Build Order

Craigumms Protoss 

Build Orders:  

Get SALT Encoding   

    0:08  Unknown x3  
    0:10  Unknown x3  
    1:10  Unknown  
    1:17  Unknown  
    1:24  Unknown  
  1  1:41  Unknown  
  1  1:53  Unknown  
  1  2:03  Unknown  
  1  2:11  Unknown  
  1  2:13  Unknown  
  2  2:20  Unknown  
  2  2:26  Unknown  
  2  2:31  Unknown  
  2  2:41  Unknown  
  2  2:59  Unknown  
  2  3:01  Unknown  
  2  3:08  Unknown  
  2  3:14  Unknown  
  2  3:53  Unknown  
  2  6:00  Unknown  
  2  6:07  Unknown  
  2  6:09  Unknown  
  2  6:11  Unknown  
  2  6:13  Unknown  
  2  6:17  Unknown  
  2  6:18  Unknown  
  2  6:20  Unknown  
  2  6:21  Unknown  
  2  6:33  Unknown  
  2  7:49  Unknown  
  2  8:03  Unknown  
  2  8:09  Unknown  
  2  8:10  Unknown  
  2  8:12  Unknown  
  2  8:13  Unknown  
  2  8:24  Unknown  
  2  8:26  Unknown  
  2  8:27  Unknown  
  2  8:29  Unknown  
  2  8:30  Unknown  
  2  8:39  Unknown  
  2  8:46  Unknown  
    9:15  Unknown  
    9:16  Unknown  
    9:17  Unknown  
    9:18  Unknown  
  1  9:34  Unknown  
  1  9:36  Unknown  
  2  9:39  Unknown  
  2  9:45  Unknown  
  4  9:49  Unknown  
  4  9:51  Unknown x2  
  4  10:02  Unknown  
  5  10:19  Unknown  
  5  10:20  Unknown  
  7  10:29  Unknown  
  7  10:37  Unknown  
  7  10:41  Unknown  
  7  11:14  Unknown  
  9  11:51  Unknown x2  
  9  11:53  Unknown  
  11  12:20  Unknown  
  7  13:06  Unknown  
  7  13:11  Unknown  
  9  13:17  Unknown  
  8  13:23  Unknown  
  8  13:28  Unknown  
  7  13:34  Unknown  
  7  13:38  Unknown  
  7  13:40  Unknown  
  7  13:48  Unknown  
  6  13:58  Unknown  
  6  14:00  Unknown  
  6  14:46  Unknown  
  6  14:49  Unknown  
  6  14:51  Unknown  
  6  14:53  Unknown  
  6  14:55  Unknown  
  6  14:57  Unknown  
  6  14:58  Unknown  
  6  15:01  Unknown  
  6  15:02  Unknown  
  6  15:10  Unknown  
  6  15:15  Unknown  
  6  15:17  Unknown  
  6  15:21  Unknown  
  6  15:23  Unknown  
  6  15:26  Unknown  
  6  15:34  Unknown  
  6  15:49  Unknown  
  8  16:05  Unknown  
  8  16:10  Unknown  
  11  16:15  Unknown  
  12  16:21  Unknown  
  13  16:27  Unknown  
  13  16:29  Unknown  
  13  16:32  Unknown  
  16  16:37  Unknown  
  17  16:42  Unknown  
  18  16:48  Unknown  
  18  16:54  Unknown  
  21  16:59  Unknown  
  22  17:17  Unknown  
  19  17:40  Unknown  
  21  17:44  Unknown  
  21  17:50  Unknown  
  23  17:55  Unknown  
  18  18:02  Unknown  
  5  18:47  Unknown  
  5  19:08  Unknown  
  5  19:12  Unknown  
  5  19:13  Unknown  
  5  19:22  Unknown  
  5  19:28  Unknown  
  5  19:30  Unknown x2  
  6  19:33  Unknown  
  6  19:47  Unknown  
  6  19:49  Unknown  
  6  20:35  Unknown  
  6  20:39  Unknown  
  6  20:41  Unknown  
  6  20:53  Unknown  
  6  21:03  Unknown  
  6  21:14  Unknown  
  6  21:16  Unknown  
  6  21:20  Unknown  
  6  21:22  Unknown  
  6  21:25  Unknown  
  6  21:28  Unknown  
  6  21:31  Unknown  
  6  21:33  Unknown  
  6  21:34  Unknown  
  6  21:36  Unknown  
  6  21:41  Unknown  
  8  22:15  Unknown  
  8  22:18  Unknown  
  8  22:21  Unknown  
  10  22:24  Unknown  
  10  22:26  Unknown  
  10  22:27  Unknown  
  10  22:29  Unknown  
  11  22:31  Unknown  
  11  22:32  Unknown  
  11  22:33  Unknown  
  11  22:34  Unknown  
  11  22:35  Unknown  
  11  22:36  Unknown  
  12  22:38  Unknown  
  13  22:52  Unknown x2  
  13  22:57  Unknown  
  13  22:58  Unknown  
  17  23:03  Unknown  
  18  23:09  Unknown  
  19  23:14  Unknown  
  9  24:07  Unknown  
  9  24:13  Unknown  
  10  24:18  Unknown  
  11  24:24  Unknown  
  11  24:30  Unknown x2  
  13  24:33  Unknown  
  13  24:35  Unknown x2  
  14  24:39  Unknown  
  14  24:40  Unknown  
  14  24:41  Unknown  
  14  24:42  Unknown  
  14  24:44  Unknown  
  15  24:46  Unknown  
  15  24:47  Unknown  
  16  24:56  Unknown  
  17  25:02  Unknown  
  18  25:07  Unknown  
  18  25:13  Unknown  
  19  25:16  Unknown  
  19  25:19  Unknown  
  16  25:42  Unknown  
  16  26:06  Unknown  
  16  26:07  Unknown  
  16  26:09  Unknown  
  16  26:10  Unknown  
  16  26:11  Unknown  
  16  26:13  Unknown  
  16  26:16  Unknown  
  16  26:17  Unknown  
  18  26:19  Unknown  
  18  26:20  Unknown  
  19  26:30  Unknown  
  19  27:00  Unknown  
  18  27:06  Unknown  
  19  27:11  Unknown  
  20  27:17  Unknown  
  21  27:23  Unknown  
  21  27:28  Unknown  
  22  27:34  Unknown  
  22  27:40  Unknown  
  22  27:45  Unknown  
  23  27:51  Unknown  
  24  28:01  Unknown  
  25  28:07  Unknown  
  25  28:12  Unknown  
  25  28:18  Unknown  
  23  28:24  Unknown x2  
Show
View Real Time Build Order
Export as new Build Order

JimBobby Zerg 

Build Orders:  

Get SALT Encoding   

    0:08  Unknown x3  
    0:20  Unknown x3  
    0:27  Unknown x3  
    1:07  Unknown  
    1:27  Unknown  
    1:40  Unknown  
    1:53  Unknown  
    2:01  Unknown  
    2:08  Unknown  
    2:15  Unknown  
    2:20  Unknown  
    2:38  Unknown  
    2:41  Unknown  
    2:44  Unknown  
    3:24  Unknown  
    3:46  Unknown  
    4:29  Unknown x2  
  4  4:33  Unknown x2  
  4  4:34  Unknown  
  4  4:38  Unknown x2  
  8  4:42  Unknown x2  
  8  4:53  Unknown  
  8  5:01  Unknown  
  8  5:16  Unknown  
  8  5:20  Unknown  
  8  5:23  Unknown  
  8  5:32  Unknown  
  8  5:48  Unknown  
  8  5:51  Unknown  
  8  5:54  Unknown  
  8  6:04  Unknown  
  8  6:05  Unknown  
  8  6:08  Unknown  
  8  6:11  Unknown  
  8  6:12  Unknown  
  8  6:21  Unknown  
  8  6:22  Unknown  
  8  6:25  Unknown  
  8  6:29  Unknown x2  
  8  6:34  Unknown  
  8  6:38  Unknown  
  8  6:39  Unknown  
  9  6:42  Unknown  
  9  6:46  Unknown  
  9  6:55  Unknown  
  9  7:01  Unknown x2  
  9  7:07  Unknown x4  
  9  7:08  Unknown  
  9  7:12  Unknown  
  9  7:34  Unknown  
  9  7:44  Unknown  
  9  8:04  Unknown  
  9  8:05  Unknown  
  9  8:11  Unknown  
  9  8:20  Unknown  
  9  8:22  Unknown  
  9  8:23  Unknown x4  
  9  8:24  Unknown  
  11  8:27  Unknown x2  
  11  8:30  Unknown x4  
  11  8:31  Unknown  
  13  8:34  Unknown x2  
  13  8:36  Unknown  
  13  8:38  Unknown  
  13  8:40  Unknown x4  
  16  8:41  Unknown  
  16  8:42  Unknown x2  
  16  8:46  Unknown  
  16  8:48  Unknown x2  
  10  8:49  Unknown  
  10  8:55  Unknown x7  
  4  8:56  Unknown  
  4  8:57  Unknown  
  1  9:14  Unknown x2  
  1  9:23  Unknown x2  
  1  9:37  Unknown x4  
  1  9:58  Unknown  
  1  10:35  Unknown  
  1  10:38  Unknown  
  1  10:44  Unknown x3  
  1  10:45  Unknown x2  
  1  10:50  Unknown x6  
  1  10:51  Unknown x4  
    11:24  Unknown  
    11:28  Unknown  
    11:34  Unknown x2  
    12:14  Unknown  
    12:18  Unknown  
    12:20  Unknown  
  2  12:41  Unknown x2  
  4  12:45  Unknown x3  
  4  12:46  Unknown x6  
  2  13:32  Unknown  
  2  13:33  Unknown x2  
    13:46  Unknown  
    13:52  Unknown x2  
    13:56  Unknown  
    13:58  Unknown x4  
    14:03  Unknown  
    14:04  Unknown x2  
    14:08  Unknown  
    14:09  Unknown x2  
    14:10  Unknown x4  
    14:19  Unknown  
    14:23  Unknown  
  1  14:26  Unknown x2  
  1  14:27  Unknown  
  2  14:31  Unknown  
  2  14:35  Unknown  
  2  14:36  Unknown x2  
    14:40  Unknown x3  
    17:24  Unknown  
    17:34  Unknown  
    17:54  Unknown x5  
    17:55  Unknown  
    18:00  Unknown x10  
    18:01  Unknown x2  
    18:08  Unknown  
    18:13  Unknown  
    18:19  Unknown x3  
    18:20  Unknown  
    18:25  Unknown x7  
    18:26  Unknown x2  
    18:30  Unknown  
    18:31  Unknown x2  
    18:32  Unknown  
  1  18:34  Unknown x2  
  1  18:35  Unknown  
  1  18:38  Unknown  
  4  18:43  Unknown  
  4  18:44  Unknown x4  
  4  18:45  Unknown  
  4  18:47  Unknown  
  4  18:48  Unknown  
  8  18:49  Unknown x4  
  8  18:51  Unknown  
  8  18:52  Unknown  
  8  18:53  Unknown x4  
  13  18:55  Unknown  
  13  18:57  Unknown x4  
  13  18:58  Unknown  
  13  19:00  Unknown  
  13  19:01  Unknown x4  
  13  19:02  Unknown  
  16  19:14  Unknown  
  17  19:23  Unknown  
  17  19:27  Unknown  
  18  19:38  Unknown x2  
  21  19:39  Unknown x4  
  21  19:42  Unknown  
  21  19:43  Unknown x5  
  21  19:44  Unknown  
  27  19:46  Unknown  
  27  19:47  Unknown x5  
  27  19:51  Unknown x5  
  30  19:57  Unknown x2  
  30  19:58  Unknown x4  
  30  19:59  Unknown x5  
  30  20:02  Unknown x6  
  30  20:03  Unknown x7  
  30  20:04  Unknown x3  
  25  20:08  Unknown  
  23  20:14  Unknown x10  
  23  20:15  Unknown x8  
  23  20:17  Unknown  
  22  20:22  Unknown x5  
  22  20:23  Unknown x2  
  22  20:24  Unknown x2  
  22  20:25  Unknown x2  
  20  20:33  Unknown x5  
  24  20:37  Unknown x3  
  24  21:02  Unknown  
  24  21:04  Unknown  
  24  21:06  Unknown x2  
  24  21:10  Unknown  
  24  21:11  Unknown  
  26  21:15  Unknown x2  
  26  21:19  Unknown  
  26  21:21  Unknown x5  
  26  21:22  Unknown x2  
  26  21:23  Unknown  
  26  21:25  Unknown  
  23  21:32  Unknown x4  
  27  21:33  Unknown x2  
  27  21:36  Unknown x2  
  27  21:37  Unknown x4  
  30  21:40  Unknown  
  30  21:41  Unknown  
  30  21:48  Unknown  
  30  21:50  Unknown x4  
  30  21:52  Unknown x4  
  30  21:53  Unknown x3  
  26  21:55  Unknown x2  
  23  22:03  Unknown x6  
  23  22:04  Unknown x9  
  23  22:05  Unknown x6  
  1  22:25  Unknown  
  1  22:29  Unknown  
  1  22:37  Unknown  
  2  22:48  Unknown  
  3  22:54  Unknown  
  4  23:00  Unknown  
  4  23:02  Unknown  
  5  23:05  Unknown  
  5  23:06  Unknown x5  
  5  23:11  Unknown  
  5  23:12  Unknown x10  
  6  23:26  Unknown  
  6  23:37  Unknown x2  
  3  23:54  Unknown  
    24:37  Unknown  
    24:41  Unknown  
  2  24:54  Unknown x2  
    25:00  Unknown  
    26:58  Unknown  
    27:09  Unknown  
    27:34  Unknown  
    27:36  Unknown  
    27:42  Unknown  
    28:12  Unknown  
    28:19  Unknown  
    28:20  Unknown x12  
    28:25  Unknown x2  
    28:26  Unknown x25  
    28:32  Unknown x7  
    28:37  Unknown x2  
    28:38  Unknown  
    28:39  Unknown  
    28:40  Unknown  
    28:41  Unknown  
    28:45  Unknown  
    28:46  Unknown x2  
    28:48  Unknown  
    28:49  Unknown x2  
    28:51  Unknown  
    28:53  Unknown x2  
    28:54  Unknown  
    28:55  Unknown  
    28:56  Unknown x2  
    28:57  Unknown x3  
    28:58  Unknown x2  
    29:00  Unknown  
    29:01  Unknown x2  
    29:02  Unknown x4  
    29:13  Unknown  
    29:16  Unknown  
Tags
 
Add a new tag
Caveats
  • Supply blocks, unpowered buildings, or Contaminate may cause inaccurate times.
  • Supply counts are checked every 10 seconds.